 Dungeon Crawl Stone Soup version 0.26.1-11-gd32895ea62 (webtiles) character file.

Game seed: 9807214872531096564

294 ubername the Chiller (level 6, -1/41 HPs)
             Began as a Barachi Ice Elementalist on July 11, 2021.
             Succumbed to Duvessa's poison
             ... on level 4 of the Dungeon.
             The game lasted 00:11:21 (3863 turns).

ubername the Chiller (Barachi Ice Elementalist)     Turns: 3863, Time: 00:11:22

Health: -1/41      AC:  5    Str:  7 (10) XL:     6   Next: 34%
Magic:  1/13       EV: 12    Int: 17      God:
Gold:   100        SH:  0    Dex:  9 (12) Spells: 7/14 levels left

rFire    . . .     SeeInvis .   a - +1 dagger
rCold    + . .     Faith    .   (no shield)
rNeg     . . .     Spirit   +   p - +2 robe {rC+}
rPois    .         Reflect  .   (no helmet)
rElec    .         Harm     .   (no cloak)
rCorr    .         Rampage  .   j - +0 pair of gloves
Will     .....                  (no boots)
Stlth    ++........             i - amulet of guardian spirit
HPRegen  0.13/turn              (no ring)
MPRegen  0.13/turn              (no ring)

@: lethally poisoned (-1 -> -42), can't hop, slow
A: +LOS, swims, slowness 1, strong legs 1
a: Hop


You were on level 4 of the Dungeon.
You visited 1 branch of the dungeon, and saw 4 of its levels.

You collected 100 gold pieces.

Inventory:

Hand Weapons
 a - a +1 dagger (weapon)
 b - a +1 hunting sling
Missiles
 d - 69 stones (quivered)
 h - 20 sling bullets
Armour
 j - a +0 pair of gloves (worn)
 p - a +2 robe of cold resistance (worn)
Jewellery
 i - an amulet of guardian spirit (around neck)
Wands
 e - a wand of enslavement (7)
Scrolls
 c - a scroll of enchant weapon
 g - a scroll of identify
 k - a scroll of magic mapping
Potions
 f - a potion of berserk rage {fart}
 n - a potion of lignification


   Skills:
 + Level 0.1 Fighting
 + Level 1.3 Slings
 + Level 2.4 Dodging
 + Level 2.2 Stealth
 * Level 4.9 Spellcasting
 + Level 6.4 Ice Magic


You had 7 spell levels left.
You knew the following spells:

 Your Spells              Type           Power        Failure   Level
a - Freeze                Ice            100%         1%          1
b - Frozen Ramparts       Ice            52%          3%          3
c - Ozocubu's Armour      Ice            26%          3%          3

Your spell library contained the following spells:

 Spells                   Type           Power        Failure   Level
 Hailstorm                Conj/Ice       15%          36%         4
 Summon Ice Beast         Ice/Summ       15%          36%         4


Dungeon Overview and Level Annotations

Branches:
Dungeon (4/15)
 Temple: D:4-7

Altars:

Annotations:
D:3 Grinder
D:4 Duvessa


Innate Abilities, Weirdness & Mutations

You can be seen from farther away. (+LOS)
You can swim through water.
You cover ground slowly.
You can hop short distances.


Message History

* * * LOW HITPOINT WARNING * * *
You feel sick.
The wall freezes Duvessa.
Duvessa hits you but does no damage.
You are more poisoned.
You closely miss Duvessa.
Duvessa is almost dead.
The frozen ramparts melt away.
* * * LOW HITPOINT WARNING * * *
You feel very sick.
Duvessa hits you with a +0 short sword of venom.
* * * LOW HITPOINT WARNING * * *
You are more poisoned.
Duvessa hits you with a +0 short sword of venom.
* * * LOW HITPOINT WARNING * * *
Your icy armour will break if you move.
Continue?
Hop to where?
Press: ? - help, Dir - move target Your icy armour will break if you move.
Continue?
Your icy armour cracks and falls away as you move.
Boing!
You die...

***,**,* #.####************
,,,,**,* #.#.[.,,,,,,,,,,,,
******,* #.##.#************
*(#########.##.#
******.e.......#.##.#
,,,,,,,,,,,,,#e#.##.#
*******#####.#○#.##.####
>,,,,,.......).........#
,*****######.#.#@.#.##.#
,,,********#.#.#..####.##########
,,,,,,,,,,,.,...................>
,,,****,,,.......................
,,,* *,,........................
,,,* *,.........................
,,,* *..........................
**** *,.........................
*,,........................


You could see Duvessa (berserk).

Vanquished Creatures
  Dowan (D:4)
  An orc wizard (D:4)
  Jessica (D:3)
  Natasha (thrice) (D:3)
  3 adders
  An ooze (D:2)
  3 dart slugs
  3 leopard geckos
  7 orcs (D:4)
  6 giant cockroaches
  3 goblins
  9 hobgoblins
  3 jackals (D:4)
  9 kobolds
  A quokka (D:4)
  A ball python (D:2)
  5 bats
  4 frilled lizards
  8 rats
72 creatures vanquished.

Notes
Turn   | Place    | Note
-------+----------+-------------------------------------------
     0 | D:1      | ubername the Barachi Ice Elementalist began the quest for
                  | the Orb.
     0 | D:1      | Reached XP level 1. HP: 13/13 MP: 3/3
    56 | D:1      | Reached skill level 5 in Ice Magic
   233 | D:1      | Reached XP level 2. HP: 12/19 MP: 1/5
   865 | D:1      | Reached XP level 3. HP: 23/24 MP: 3/6
   869 | D:1      | Learned a level 3 spell: Frozen Ramparts
   873 | D:1      | Learned a level 3 spell: Ozocubu's Armour
  2087 | D:2      | Reached XP level 4. HP: 28/30 MP: 8/8
  2186 | D:2      | Reached skill level 6 in Ice Magic
  2754 | D:3      | Noticed Natasha
  2759 | D:3      | Killed Natasha
  2811 | D:3      | Reached XP level 5. HP: 25/35 MP: 6/10
  2813 | D:3      | Noticed Natasha
  2821 | D:3      | Killed Natasha
  2900 | D:3      | Noticed Natasha
  2951 | D:3      | Killed Natasha
  3110 | D:3      | Noticed Jessica
  3152 | D:3      | Killed Jessica
  3153 | D:3      | Reached skill level 1 in Slings
  3286 | D:3      | Noticed Grinder
  3668 | D:4      | Reached XP level 6. HP: 26/41 MP: 3/13
  3845 | D:4      | Noticed Duvessa
  3846 | D:4      | Noticed Dowan
  3860 | D:4      | Killed Dowan
  3862 | D:4      | HP: 2/41 [Duvessa/+0 short sword of venom (1)]
  3863 | D:4      | Succumbed to Duvessa's poison

Illustrated notes

Levels and vault maps discovered:
D:1:      sevenhm_arrival_forest_fort_small_3, layout_loops_cross,
          minmay_hedge_maze, minivault_27, hex_tiny, minmay_pentomino_s4
D:2:      layout_loops_ring
D:3:      layout_loops_ring, uniq_grinder, uniq_sigmund, uniq_jessica,
          uniq_natasha
D:4:      layout_basic, uniq_duvessa

Skill      XL: |  1  2  3  4  5 |
---------------+----------------+-----
Ice Magic      | 5 6 |  6.4
Stealth        | 2 |  2.2
Spellcasting   | 3 4 |  4.9
Slings         | 1 |  1.3
Fighting       | |  0.1
Dodging        | |  2.4

Action                   |  1- 3 |  4- 6 || total
-------------------------+-------+-------++-------
Melee: Dagger            |    18 |    22 ||    40
 Fire: Hunting sling     |       |    31 ||    31
Throw: Stone             |    15 |       ||    15
 Cast: Freeze            |    33 |     1 ||    34
       Frozen Ramparts   |     9 |    23 ||    32
       Ozocubu's Armour  |       |     8 ||     8
 Abil: Hop               |       |     2 ||     2
  Use: Scroll            |       |     8 ||     8
       Potion            |       |     4 ||     4
Armor: Robe              |     5 |    15 ||    20
Dodge: Dodged            |    38 |    20 ||    58
